 Dungeon Crawl Stone Soup version 0.21.1-1-g345015f (webtiles) character file.

322 Spoonicorn the Cudgeler (level 6, -1/66 HPs)
             Began as an Ogre Berserker on Mar 20, 2018.
             Was a Believer of Trog.
             Slain by an iguana (11 damage)
             ... on level 3 of the Dungeon.
             The game lasted 00:10:17 (3067 turns).

Spoonicorn the Cudgeler (Ogre Berserker)            Turns: 3067, Time: 00:10:19

Health: -1/66      AC:  3    Str: 24    XL:     6   Next: 47%
Magic:  15/15      EV: 10    Int:  8    God:    Trog [**....]
Gold:   89         SH:  0    Dex:  8    Spells: 5/5 levels left

rFire    . . .     SeeInvis .   q - +2 flail (crush)
rCold    . . .     Gourm    .   (no shield)
rNeg     . . .     Faith    .   b - +0 animal skin
rPois    .         Spirit   .   d - +0 hat
rElec    .         Reflect  .   (no cloak)
rCorr    .         Harm     .   (gloves unavailable)
MR       .....                  (boots unavailable)
Stlth    +.........             (no amulet)
HPRegen  0.21/turn              m - ring of flight
MPRegen  0.14/turn              u - ring of magical power

@: lethally poisoned (-1 -> -2), berserk cooldown, slowed, very slow
A: large, unfitting armour, tough skin 1
a: Berserk, Trog's Hand, Burn Spellbooks, Renounce Religion, Evoke Flight


You were on level 3 of the Dungeon.
You worshipped Trog.
Trog was pleased with you.
You were near starving.

You visited 1 branch of the dungeon, and saw 4 of its levels.

You collected 89 gold pieces.

Inventory:

Hand Weapons
 a - a +0 mace
 j - a +0 whip of pain
 q - a +2 flail of crushing (weapon)
Missiles
 g - 2 steel javelins (quivered)
Armour
 b - a +0 animal skin (worn)
 d - a +0 hat (worn)
Jewellery
 m - a ring of flight (left hand)
 u - a ring of magical power (right hand)
Scrolls
 e - a scroll of teleportation {unknown}
 f - a scroll of amnesia {unknown}
 l - a scroll of fog {unknown}
 n - a scroll of blinking {unknown}
 o - a scroll of magic mapping {unknown}
 p - a scroll of noise {unknown}
 r - a scroll of identify {unknown}
 s - a scroll of enchant armour {unknown}
Potions
 h - 2 potions of heal wounds {unknown}
 i - a potion of ambrosia
 k - a potion of magic {unknown}
 t - a potion of haste {unknown}
Comestibles
 c - 6 rations


   Skills:
 + Level 5.3 Fighting
 * Level 5.4 Maces & Flails
 + Level 3.6 Dodging


You had 5 spell levels left.
You didn't know any spells.

Dungeon Overview and Level Annotations

Branches:
Dungeon (4/15)
 Temple: D:4-7

Altars:
Nemelex Xobeh


Innate Abilities, Weirdness & Mutations

You are too large for most types of armour.
You have tough skin. (AC +1)


Message History

You are no longer berserk.
You are exhausted.
You feel yourself slow down.
The teleport trap disappears.
The adder skeleton disappears!
The hound barely misses you.
You feel sick.
There is a stone staircase leading up here.
The hound misses you. The jackal bites you.
The scorpion stings you but does no damage.
The iguana barely misses you. The hound closely misses you.
The jackal bites you.
* * * LOW HITPOINT WARNING * * *
You climb upwards.
You feel sick.
There is a stone staircase leading down here.
The hound bites you but does no damage. The scorpion stings you.
* * * LOW HITPOINT WARNING * * *
The iguana barely misses you. The hound barely misses you.
The scorpion stings you.
* * * LOW HITPOINT WARNING * * *
The iguana bites you!
You die...

#.###.#
#.....................#
##.#.##
######..#......######.#
#.#.#.# #..#......# #.#
##.#.## #..######## #.#
#.###.# ##.# #.#
##.#.## ##### #.# #.#
#.#.#.# #...#
#.######## #.# ##.#.##
###.#
#s#......######.##
#.###.# #.#
#>@......##......#
##.#.##
#.###lh......##.######
#.#.#.#
###.##..###....##.#
##.#.##
#...#..##^##...##.#
#[###.#
#.....##...##..##.#
##.#.##
#....##.._..##....#
#.#.#.#
#...##.......##..##
##.#.##
#..##^^...^...##.#
#.###.#
#..#^..#####...#.#


You could see a scorpion, an iguana and a hound.

Vanquished Creatures
  The ghost of spinks the Shield-Bearer, an amateur HOFi (D:3)
  A worker ant (D:4)
  3 gnolls (D:3)
  7 adders
  3 worms (D:3)
  3 leopard geckos
  4 orcs
  2 giant cockroaches
  2 goblins
  5 hobgoblins
  A jackal (D:4)
  2 quokkas
  6 bats
  5 frilled lizards
  6 kobolds
  7 rats
58 creatures vanquished.

Notes
Turn   | Place    | Note
-------+----------+-------------------------------------------
     0 | D:1      | Spoonicorn the Ogre Berserker began the quest for the Orb.
     0 | D:1      | Reached XP level 1. HP: 24/24 MP: 1/1
   445 | D:1      | Reached XP level 2. HP: 32/32 MP: 2/2
   848 | D:2      | Reached XP level 3. HP: 37/40 MP: 3/3
   950 | D:2      | Reached ** piety under Trog
  1309 | D:2      | Reached XP level 4. HP: 16/49 MP: 4/4
  2216 | D:3      | Reached XP level 5. HP: 42/55 MP: 5/5
  2655 | D:3      | Found a sparkling altar of Nemelex Xobeh.
  2681 | D:3      | Noticed spinks's ghost (amateur HOFi)
  2688 | D:3      | Killed spinks's ghost
  2688 | D:3      | Reached skill level 5 in Fighting
  2688 | D:3      | Reached skill level 5 in Maces & Flails
  2688 | D:3      | Reached XP level 6. HP: 66/66 MP: 6/6
  3067 | D:3      | Slain by an iguana

Skill      XL: |  1  2  3  4  5 |
---------------+----------------+-----
Maces & Flails | 3 4 5 |  5.4
Dodging        | 3 |  3.6
Fighting       | 5 |  5.3

Action                   |  1- 3 |  4- 6 || total
-------------------------+-------+-------++-------
Melee: Mace              |    47 |       ||    47
       Whip              |   101 |    79 ||   180
       Flail             |       |    32 ||    32
Invok: Berserk           |     1 |     4 ||     5
  Use: Potion            |     4 |       ||     4
  Eat: Chunk             |     1 |     5 ||     6
       Ration            |       |     1 ||     1
Armor: Animal skin       |    57 |    26 ||    83
Dodge: Dodged            |    84 |    75 ||   159
